 Dungeon Crawl Stone Soup version 0.30-a0-939-gc8157cb160 (webtiles) character file.

Game seed: 7595793489175067156

324680 mopl the Merfolkian Blade (level 21, -14/170 HPs)
             Began as a Merfolk Fighter on Mar 24, 2023.
             Was a High Priest of Okawaru.
             Demolished by a dire elephant (25 damage)
             ... on level 2 of the Vaults on Mar 25, 2023.
             The game lasted 01:54:34 (44429 turns).

mopl the Merfolkian Blade (Merfolk Fighter)        Turns: 44429, Time: 01:54:34

Health: -14/170    AC: 37    Str: 30    XL:     21   Next: 60%
Magic:  30/30      EV: 19    Int:  7    God:    Okawaru [*****.]
Gold:   1482       SH:  0    Dex: 17    Spells: 14/20 levels left

rFire   + . .      SeeInvis +    a - +5 triple sword (freeze)
rCold   + . .      Faith    .    (shield currently unavailable)
rNeg    . . .      Spirit   .    W - +9 gold dragon scales
rPois   +          Reflect  .    Y - +0 helmet {SInv}
rElec   +          Rampage  .    N - +2 cloak
rCorr   .                        g - +1 pair of gloves of the Dragonfruit {Drain +Blink Str+6}
Will    +....                    L - +0 pair of boots "Daodemm" {rElec}
Stlth   x                          - amulet "Guqemetu" {+Blink Regen+}
HPRegen 1.28/turn                f - +4 ring of slaying
MPRegen 0.22/turn                F - +5 ring of evasion

@: studying 2 skills
A: (nimble swimmer 2), mertail
}: 2/15 runes: serpentine, barnacled
a: Renounce Religion, Evoke Blink, Heroism, Finesse, Duel


You were on level 2 of the Vaults.
You worshipped Okawaru.
Okawaru was extremely pleased with you.
You visited 8 branches of the dungeon, and saw 36 of its levels.
You also visited: Trove, Bailey and Ice Cave.

You collected 4338 gold pieces.
You spent 2856 gold pieces at shops.

Inventory:

Hand Weapons
 a - a +5 triple sword of freezing (weapon)
 b - the +27 heavy crossbow "Sniper" {heavy, Acc+∞ SInv}
   (You found it on level 3 of the Elven Halls)

   Acc+∞: It never misses its target.
   SInv:      It lets you see invisible.
 X - the +4 great sword of Bespelled Expedience {holy, rF++}
   (Okawaru gifted it to you on level 5 of the Lair of Beasts)

   rF:        It greatly protects you from fire.
Missiles
 j - 30 javelins
 k - 3 throwing nets
 l - 14 boomerangs (quivered)
 B - 9 curare-tipped darts
 G - 9 boomerangs of dispersal
 H - 56 poisoned darts
 J - an atropa-tipped dart
Armour
 g - the +1 pair of gloves of the Dragonfruit (worn) {Drain +Blink Str+6}
   (You acquired it on level 2 of the Lair of Beasts)

   Str:       It affects your strength (+6).
   +Blink:    It lets you blink.
   Drain:     It drains your maximum health when unequipped.
 v - the +2 helmet of Bad Feelings {rPois Regen+ Int+2 Dex-2}
   (You found it on level 2 of the Vaults)

   Int:       It affects your intelligence (+2).
   Dex:       It affects your dexterity (-2).
   rPois:     It protects you from poison.
   Regen:     It increases your rate of health regeneration.
 L - the +0 pair of boots "Daodemm" (worn) {rElec}
   (Okawaru gifted it to you on level 3 of the Snake Pit)

   rElec:     It insulates you from electricity.
 N - a +2 cloak (worn)
 W - +9 gold dragon scales (worn)
 Y - a +0 helmet of see invisible (worn)
Jewellery
 f - a +4 ring of slaying (left hand)
 x - the amulet "Guqemetu" (around neck) {+Blink Regen+}
   (You found it on level 3 of the Elven Halls)

   [amulet of regeneration]

   +Blink:    It lets you blink.
   Regen:     It increases your rate of health regeneration.
 E - the ring of Nizaip {Fly rN+}
   (You found it on level 3 of the Elven Halls)

   [ring of flight]

   rN:        It protects you from negative energy.
   Fly:       It grants you flight.
 F - a +5 ring of evasion (right hand)
 O - the ring "Lunar" {rCorr Str+4}
   (You took it off a deep elf high priest on level 3 of the Elven Halls)

   [ring of resist corrosion]

   Str:       It affects your strength (+4).
   rCorr:     It protects you from acid and corrosion.
 T - the ring "Boputta Unwo" {rC+ Int+3 SInv}
   (You took it off a deep elf demonologist on level 3 of the Elven Halls)

   [ring of see invisible]

   Int:       It affects your intelligence (+3).
   rC:        It protects you from cold.
   SInv:      It lets you see invisible.
Wands
 r - a wand of light (24)
 u - a wand of iceblast (13)
 K - a wand of mindburst (5)
 Q - a wand of digging (2)
 R - a wand of flame (44)
Scrolls
 e - 3 scrolls of vulnerability
 o - 3 scrolls of identify
 q - 10 scrolls of teleportation
 s - 3 scrolls of immolation
 w - 6 scrolls of fog
 C - 8 scrolls of fear
 D - 7 scrolls of blinking
 M - 4 scrolls of magic mapping
 P - 7 scrolls of poison
Potions
 d - 3 potions of might
 h - 2 potions of ambrosia
 i - 2 potions of invisibility
 m - 5 potions of magic
 n - 4 potions of heal wounds
 p - 11 potions of curing
 z - 5 potions of flight
 A - 2 potions of berserk rage {!q}
 S - 5 potions of lignification {!q}
 U - 7 potions of haste
 Z - 4 potions of cancellation
Miscellaneous
 c - a phial of floods
 t - a piece from Xom's chessboard (15/15)
 y - a lightning rod (4/4)
 I - a condenser vane
 V - a tin of tremorstones (2/2)


   Skills:
 + Level 15.7 Fighting
 * Level 25.2 Long Blades
 + Level 15.0 Throwing
 + Level 13.4 Armour
 + Level 17.9 Dodging
 - Level 3.0 Shields
 - Level 12.0 Invocations
 + Level 13.5 Evocations


You had 14 spell levels left.
You knew the following spells:

 Your Spells              Type           Power      Damage    Failure   Level
a - Apportation           Tloc           0%         N/A       100%        1
n - Swiftness             Air            0%         N/A       100%        3
w - Wereblood             Tmut           0%         N/A       100%        2

Your spell library contained the following spells:

 Spells                   Type           Power      Damage    Failure   Level
 Beastly Appendage        Tmut           0%         N/A       100%        1
 Necrotise                Necr           0%         1d4       100%        1
 Slow                     Hex            0%         N/A       100%        1
 Cigotuvi's Dreadful Rot  Necr/Pois/Air  0%         N/A       100%        2
 Ensorcelled Hibernation  Hex/Ice        0%         N/A       100%        2
 Passwall                 Tmut/Erth      0%         N/A       100%        2
 Static Discharge         Conj/Air       0%         2-2/arc   100%        2
 Sublimation of Blood     Necr           0%         N/A       100%        2
 Confusing Touch          Hex            0%         N/A       100%        3
 Ignite Poison            Fire/Tmut/Pois 0%         N/A       100%        3
 Inner Flame              Hex/Fire       0%         N/A       100%        3
 Spider Form              Tmut/Pois      0%         N/A       100%        3
 Vampiric Draining        Necr           0%         2d6       100%        3
 Vhi's Electric Charge    Tloc/Air       0%         N/A       100%        3
 Anguish                  Hex/Necr       0%         N/A       100%        4
 Cause Fear               Hex            0%         N/A       100%        4
 Dispel Undead            Necr           0%         3d6       100%        4
 Flame Wave               Conj/Fire      0%         2d4       100%        4
 Olgreb's Toxic Radiance  Pois           0%         N/A       100%        4
 Petrify                  Tmut/Erth      0%         N/A       100%        4
 Sticky Flame             Conj/Fire      0%         2d3       100%        4
 Agony                    Necr           0%         N/A       100%        5
 Arcjolt                  Conj/Air       0%         1d10      100%        5
 Blade Hands              Tmut           0%         N/A       100%        5
 Borgnjor's Vile Clutch   Necr/Erth      0%         N/A       100%        5
 Freezing Cloud           Conj/Ice/Air   0%         6-21      100%        5
 Irradiate                Conj/Tmut      0%         3d11      100%        5
 Plasma Beam              Fire/Air       0%         2x1d11    100%        5
 Dragon Form              Tmut           0%         N/A       100%        7
 Enfeeble                 Hex            0%         N/A       100%        7
 Ozocubu's Refrigeration  Ice            0%         4d7       100%        7
 Ignition                 Fire           0%         3d3       100%        8
 Polar Vortex             Ice            0%         N/A       100%        9
 Summon Small Mammal      Summ           Unusable   N/A       N/A         1
 Animate Dead             Necr           Unusable   N/A       N/A         4
 Death Channel            Necr           Unusable   N/A       N/A         6
 Simulacrum               Ice/Necr       Unusable   N/A       N/A         6
 Dragon's Call            Summ           Unusable   N/A       N/A         9

Dungeon Overview and Level Annotations

Branches:
Dungeon (15/15)            Temple (1/1) D:5            Lair (5/5) D:8
 Shoals (4/4) Lair:2        Snake (4/4) Lair:2        Slime (0/5) Lair:5
    Orc (2/2) D:11            Elf (3/3) Orc:2        Vaults (2/5) D:14
 Depths (0/4) D:15         Bailey (visited)           IceCv (visited)
  Crypt: Vaults:2-3

Altars:
Ashenzari
Cheibriados
Dithmenos
Elyvilon
Fedhas
Gozag
Hepliaklqana
Kikubaaqudgha
Makhleb
Nemelex Xobeh
Okawaru
Qazlal
Ru
Sif Muna
Uskayaw
Vehumet
Wu Jian
Xom
Yredelemnul
Zin
The Shining One

Shops:
D:1 [   D:12 !   D:15 (   Orc:1 ?   Orc:2 (:([   Elf:3 :   Shoals:2 ?
Snake:1 :   Snake:3 :   Snake:4 :!!=   Vaults:1 (

Annotations:
D:9 1 runed translucent door, sastreii's ghost, novice FoFi
Lair:1 1 runed translucent door, funkygono's ghost, journeyman MiFi
Shoals:2 3 runed translucent doors, Dirtsage's ghost, adept DsBe
Shoals:4 3 runed translucent doors, exclusion: obsidian statue
Snake:3 3 runed translucent doors, Xitaol's ghost, adept SpEn
Orc:2 2 runed translucent doors, exclusion: orange crystal statue
Elf:3 1 runed translucent door, zkyp's ghost, adept DgCj


Innate Abilities, Weirdness & Mutations

((You are very nimble when in or above water. (Stealth+, EV+, Speed+++)))
Your lower body shifts to a powerful aquatic tail in water.


Message History

The bolt hits the dire elephant!!
You slash the dire elephant! You freeze the dire elephant.
The dire elephant is severely wounded.
You hit the dire elephant but do no damage.
The dire elephant is severely wounded.
The dire elephant closely misses you.
The dire elephant trunk-slaps you but does no damage.
You barely miss the dire elephant.
The dire elephant is severely wounded.
The dire elephant barely misses you.
The dire elephant trunk-slaps you but does no damage.
The yaktaur captain shoots a bolt.
The bolt closely misses you.
The bolt hits the dire elephant!!
You hear a shout! x2
You slice the dire elephant!! You freeze the dire elephant.
You kill the dire elephant!
Okawaru accepts your kill.
Unknown command.
You slice the dire elephant!! You freeze the dire elephant.
The dire elephant is heavily wounded.
Unknown command.
You slash the dire elephant! You freeze the dire elephant.
The dire elephant is heavily wounded.
The dire elephant tramples you!!
You stumble backwards!
The yaktaur captain shoots a bolt.
The bolt hits you!!!
* * * LOW HITPOINT WARNING * * *
Unknown command.
You open the dire elephant like a pillowcase!!!
You freeze the dire elephant!
The dire elephant is almost dead.
You hear a shout!
The dire elephant attacks as you move away!
The dire elephant tramples you but does no damage.
The dire elephant trunk-slaps you but does no damage.
The yaktaur captain shoots a bolt.
The bolt hits you!!
* * * LOW HITPOINT WARNING * * *
There is an open door, spattered with blood here.
The dire elephant attacks as you move away!
The dire elephant tramples you!!
You die...

.................................
.)...............................
#################................
# #########......######+### #
.......†#......# # #)#......# #
##Y#......# # ##..#......# #
#..Y@......# # #....#......# #
##..c#......# # ##..#......# #
##.#......# # #.#......##########
# ..#................ #
###................
#################................


You could see 2 dire elephants and a yaktaur captain.

Vanquished Creatures
  Mennas (Vaults:2)
  Bai Suzhen (Shoals:3)
  Saint Roka (Vaults:1)
  Rupert (D:12)
  Mlioglotl (Snake:4)
  Zenata (Elf:1)
  A deep elf master archer (Elf:3)
  2 deep elf blademasters
  A titan (Shoals:1)
  Polyphemus (Shoals:2)
  Frances (Snake:1)
  Gastronok (D:8)
  12 nagarajas (Snake:4)
  Kirke (Snake:4)
  Ilsuiw (Shoals:2)
  3 frost giants
  Donald (Snake:1)
  6 deep elf sorcerers
  4 vault wardens
  Aizul (Snake:4)
  2 deep elf elementalists
  Louise (Shoals:3)
  An orc warlord (Orc:1)
  3 very ugly things (Vaults:2)
  3 ironbound preservers
  A reaper (IceCv)
  2 war gargoyles
  2 ironbound thunderhulks
  3 deep elf demonologists (Elf:3)
  9 deep elf annihilators
  6 dire elephants
  4 merfolk javelineers
  2 deep elf death magi
  A crystal guardian (Vaults:2)
  2 great orbs of eyes
  9 merfolk impalers
  4 yaktaur captains
  Erolcha (Orc:1)
  4 deep elf high priests
  10 vault guards
  A rakshasa (D:15)
  3 salamander tyrants
  2 peacekeepers
  7 hydras
  A catoblepas (Shoals:2)
  3 ironbound frosthearts
  4 merfolk avatars
  8 anacondas
  10 centaur warriors
  4 boulder beetles
  8 two-headed ogres
  2 alligator snapping turtles (Shoals:4)
  5 death yaks
  19 naga warriors
  5 merfolk aquamancers
  Urug (Orc:1)
  26 dancing weapons
  12 naga sharpshooters
  2 orc high priests (Orc:2)
  21 deep elf knights
  12 shock serpents
  9 hell knights (D:15)
  4 salamander mystics
  3 skysharks
  Amaemon (Lair:2)
  10 deep trolls
  A glowing orange brain (D:15)
  12 sea snakes
  An orb spider (shapeshifter) (D:15)
  5 ironbound convokers
  8 lindwurms
  9 naga ritualists
  25 deep elf pyromancers
  9 deep elf archers
  2 orc knights
  5 wizards
  17 harpies
  27 deep elf zephyrmancers
  A necromancer (Vaults:2)
  9 mana vipers
  20 ugly things
  5 orc sorcerers
  19 manticores
  7 fauns
  13 cyclopes
  21 salamanders
  10 guardian serpents
  5 vault sentinels
  7 elephants
  11 merfolk sirens
  2 ice statues (IceCv)
  33 black mambas
  13 naga magi
  6 water nymphs
  2 torpor snails (Lair:5)
  A gargoyle (D:13)
  An orange demon (Lair:2)
  7 yaktaurs
  6 cane toads
  4 unseen horrors
  A yaktaur (shapeshifter) (Elf:1)
  A rime drake (Lair:5)
  Maggie (Lair:2)
  A kobold demonologist (D:9)
  8 komodo dragons
  An efreet (D:14)
  7 ice devils (IceCv)
  A tengu conjurer (D:14)
  4 harpy zombies (Shoals:2)
  3 trolls
  14 polar bears
  35 merfolk
  3 meliai (D:14)
  A wolf spider simulacrum (D:15)
  8 wind drakes
  A hornet (D:10)
  3 raiju (Lair:5)
  7 dream sheep
  14 blink frogs
  8 snapping turtles
  6 air elementals
  Sigmund (D:3)
  6 spriggans (Bailey)
  3 shadows (D:11)
  3 vampires
  18 slime creatures
  4 fire elementals
  3 wyverns
  53 yaks
  A dire elephant simulacrum (IceCv)
  14 water elementals
  5 wraiths
  4 hogs (Snake:4)
  7 basilisks
  3 steam dragons
  7 vampire mosquitoes
  7 wargs
  A harpy simulacrum (IceCv)
  2 death yak simulacra (IceCv)
  54 nagas
  2 acid dragons
  21 hell hounds
  9 water moccasins
  17 black bears
  31 orc warriors
  A sky beast (D:6)
  An ice beast (D:4)
  16 wolves
  11 ogres
  7 centaurs
  5 boggarts (D:14)
  17 kobold brigands
  2 phantoms
  Blork the orc (D:6)
  3 bullfrogs
  2 gnoll sergeants
  5 earth elementals
  6 two-headed ogre simulacra
  6 wights
  A jelly (D:5)
  11 killer bees
  An elephant simulacrum (IceCv)
  8 howler monkeys
  6 electric eels
  7 centaur zombies
  A crimson imp (D:6)
  3 bullfrog zombies (D:5)
  11 hounds
  A human zombie (D:5)
  Crazy Yiuf (D:7)
  13 orc priests
  2 gnoll boudas
  3 iguanas
  27 orc wizards
  2 spriggan simulacra
  2 troll simulacra
  A wolf simulacrum (IceCv)
  3 mummies (D:5)
  A howler monkey zombie (D:5)
  15 gnolls
  3 naga simulacra
  9 adders
  A shadow imp (D:5)
  3 white imps
  6 ufetubi
  3 worms
  2 dart slugs
  79 orcs
  8 bats
  6 endoplasms
  3 giant cockroaches
  16 goblins
  4 hobgoblins
  6 jackals
  3 quokkas
  7 ball pythons
  8 frilled lizards
  15 kobolds
  5 rats
1413 creatures vanquished.

Vanquished Creatures (others)
  A deep elf knight (Elf:2)
  A deep elf zephyrmancer (Elf:1)
  A demonic plant (D:1)
  24 fungi
  97 plants
124 creatures vanquished.

Grand Total: 1537 creatures vanquished

Notes
Turn   | Place    | Note
-------+----------+-------------------------------------------
     0 | D:1      | mopl the Merfolk Fighter began the quest for the Orb.
     0 | D:1      | Reached XP level 1. HP: 18/18 MP: 1/1
    86 | D:1      | Found Caate's Armour Boutique.
   292 | D:1      | Found a faded altar of an unknown god.
   302 | D:1      | Reached skill level 3 in Long Blades
   464 | D:1      | Reached XP level 2. HP: 17/24 MP: 2/2
   944 | D:1      | Reached skill level 4 in Long Blades
   955 | D:2      | Reached XP level 3. HP: 29/29 MP: 3/3
  1198 | D:2      | Reached skill level 5 in Long Blades
  1198 | D:2      | Reached XP level 4. HP: 28/35 MP: 4/4
  1833 | D:3      | Noticed Sigmund
  1905 | D:3      | Reached skill level 6 in Long Blades
  1905 | D:3      | Reached XP level 5. HP: 33/41 MP: 3/5
  2110 | D:3      | Reached skill level 7 in Long Blades
  2260 | D:4      | Reached XP level 6. HP: 47/47 MP: 6/6
  2312 | D:4      | Noticed an ice beast
  2327 | D:4      | Killed an ice beast
  2328 | D:4      | Reached skill level 8 in Long Blades
  2509 | D:4      | Found an iron altar of Okawaru.
  2514 | D:4      | Found a blossoming altar of Fedhas.
  2522 | D:4      | Became a worshipper of Warmaster Okawaru
  2673 | D:5      | Entered Level 5 of the Dungeon
  2792 | D:5      | Found a staircase to the Ecumenical Temple.
  2854 | D:5      | Reached skill level 1 in Throwing
  2854 | D:5      | Reached skill level 1 in Invocations
  2854 | D:5      | Reached XP level 7. HP: 40/52 MP: 7/7
  2905 | D:5      | Found a white marble altar of Elyvilon.
  3051 | Temple   | Entered the Ecumenical Temple
  3058 | Temple   | Reached skill level 9 in Long Blades
  3104 | Temple   | Reached skill level 2 in Invocations
  3256 | D:5      | Reached skill level 2 in Throwing
  3269 | D:5      | Reached * piety under Okawaru
  3270 | D:5      | Found an ancient bone altar of Kikubaaqudgha.
  3296 | D:5      | Reached XP level 8. HP: 51/57 MP: 7/10
  3395 | D:5      | Reached skill level 3 in Invocations
  3430 | D:5      | Reached skill level 10 in Long Blades
  3493 | D:4      | Reached skill level 3 in Throwing
  3673 | D:5      | Reached ** piety under Okawaru
  4044 | D:5      | Found a basalt altar of Yredelemnul.
  4115 | D:6      | Reached skill level 4 in Invocations
  4421 | D:6      | Reached skill level 11 in Long Blades
  4513 | D:6      | Reached skill level 4 in Throwing
  4631 | D:6      | Reached XP level 9. HP: 26/64 MP: 6/12
  4770 | D:6      | Noticed Blork the orc
  4793 | D:6      | Killed Blork the orc
  4795 | D:6      | Found a shimmering blue altar of Sif Muna.
  4833 | D:6      | Found a burning altar of Makhleb.
  4939 | D:6      | Reached skill level 5 in Invocations
  5001 | D:6      | Found a glowing golden altar of the Shining One.
  5037 | D:6      | Reached *** piety under Okawaru
  5227 | D:7      | Reached skill level 12 in Long Blades
  5263 | D:7      | Reached skill level 5 in Throwing
  5753 | D:7      | Reached skill level 6 in Invocations
  5849 | D:7      | Received a gift from Okawaru
  5922 | D:7      | Found a snail-covered altar of Cheibriados.
  6151 | D:7      | Found a runed translucent door.
  6152 | D:7      | Noticed Crazy Yiuf
  6165 | D:7      | Killed Crazy Yiuf
  6169 | D:7      | Identified the +2 hammer of Ziez Tehoco {freeze, rElec
                  | rPois Str-3 Dex+2}
  6347 | D:8      | Noticed a troll
  6376 | D:8      | Killed a troll
  6377 | D:8      | Reached skill level 1 in Dodging
  6495 | D:8      | Found a flagged portal.
  6512 | Bailey   | Entered a bailey
  6538 | Bailey   | Reached skill level 1 in Evocations
  6538 | Bailey   | Reached XP level 10. HP: 45/71 MP: 6/14
  6558 | Bailey   | Reached skill level 13 in Long Blades
  6558 | Bailey   | Reached skill level 2 in Dodging
  6573 | Bailey   | Reached **** piety under Okawaru
  6574 | Bailey   | Reached skill level 4 in Fighting
  6749 | Bailey   | Reached skill level 6 in Throwing
  6749 | Bailey   | Reached skill level 2 in Evocations
  6790 | Bailey   | Noticed a two-headed ogre
  6808 | Bailey   | Killed a two-headed ogre
  6809 | Bailey   | Reached skill level 3 in Armour
  6809 | Bailey   | Reached skill level 3 in Dodging
  7026 | D:8      | Noticed a tengu warrior
  7175 | D:8      | Found a broken altar of Ashenzari.
  7177 | D:8      | Found a glowing silver altar of Zin.
  7225 | D:8      | Found a staircase to the Lair.
  7290 | D:8      | Reached skill level 7 in Invocations
  7587 | D:8      | Noticed Gastronok
  7615 | D:8      | Killed Gastronok
  7615 | D:8      | Received a gift from Okawaru
  7615 | D:8      | Received a gift from Okawaru
  7616 | D:8      | Reached skill level 5 in Fighting
  7616 | D:8      | Reached skill level 4 in Dodging
  7616 | D:8      | Reached skill level 3 in Evocations
  7616 | D:8      | Reached XP level 11. HP: 66/79 MP: 8/16
  7857 | D:9      | Found an opulent altar of Gozag.
  7876 | D:9      | Noticed a two-headed ogre
  7889 | D:9      | Killed a two-headed ogre
  7890 | D:9      | Reached skill level 14 in Long Blades
  7914 | D:9      | Found a runed translucent door.
  7915 | D:9      | Found a shimmering altar of Xom.
  7915 | D:9      | Noticed sastreii's ghost (novice FoFi)
  7916 | D:9      | Noticed a +0 mace of chaos
  8045 | D:9      | Reached skill level 5 in Dodging
  8231 | D:9      | Received a gift from Okawaru
  8256 | D:9      | Reached skill level 4 in Evocations
  8477 | D:9      | Reached skill level 7 in Throwing
  8715 | D:9      | Reached skill level 4 in Armour
  8757 | D:9      | Received a gift from Okawaru
  9107 | D:9      | Noticed a cyclops
  9120 | D:9      | Killed a cyclops
  9289 | D:9      | Noticed a two-headed ogre
  9307 | D:9      | Killed a two-headed ogre
  9308 | D:9      | Reached skill level 6 in Fighting
  9308 | D:9      | Reached skill level 8 in Invocations
  9343 | D:10     | Entered Level 10 of the Dungeon
  9364 | D:10     | Reached skill level 6 in Dodging
  9497 | D:10     | Received a gift from Okawaru
  9555 | D:10     | Reached XP level 12. HP: 68/88 MP: 15/18
  9895 | D:10     | Noticed a two-headed ogre
  9913 | D:10     | Killed a two-headed ogre
  9914 | D:10     | Reached skill level 15 in Long Blades
 10179 | D:10     | Reached skill level 5 in Evocations
 10255 | D:11     | Noticed a boulder beetle
 10314 | D:11     | Found a staircase to the Orcish Mines.
 10459 | D:11     | Found a frozen archway.
 10484 | IceCv    | Entered an ice cave
 10709 | IceCv    | Reached skill level 7 in Dodging
 10956 | IceCv    | HP: 3/89 [ice beast[an ice statue] (2)]
 11624 | IceCv    | Reached skill level 7 in Fighting
 11823 | IceCv    | Reached skill level 8 in Throwing
 11888 | IceCv    | Reached skill level 5 in Armour
 11906 | IceCv    | Noticed a reaper
 11924 | IceCv    | Killed a reaper
 12186 | D:11     | Reached skill level 9 in Invocations
 12196 | D:11     | Noticed a two-headed ogre
 12210 | D:11     | Killed a two-headed ogre
 12211 | D:11     | Reached skill level 16 in Long Blades
 12211 | D:11     | Reached XP level 13. HP: 58/96 MP: 13/19
 12212 | D:11     | Received a gift from Okawaru
 12222 | D:11     | Reached skill level 6 in Evocations
 12320 | D:11     | Reached skill level 8 in Dodging
 12514 | D:11     | Noticed a vault guard
 12525 | D:11     | Killed a vault guard
 12531 | D:11     | Found a portal to a secret trove of treasure.
 12695 | Orc:1    | Entered Level 1 of the Orcish Mines
 13046 | Orc:1    | Noticed Erolcha
 13053 | Orc:1    | Noticed Urug
 13067 | Orc:1    | Killed Urug
 13068 | Orc:1    | Killed Erolcha
 13414 | D:1      | Bought +0 gold dragon scales for 960 gold pieces
 13709 | D:3      | Killed Sigmund
 13724 | D:3      | Found a stormy altar of Qazlal.
 13724 | D:3      | Found a shadowy altar of Dithmenos.
 14090 | Orc:1    | Found Lifrieru's Magic Scroll Shoppe.
 14109 | Orc:1    | Bought a scroll of noise for 13 gold pieces
 14109 | Orc:1    | Bought a scroll of teleportation for 39 gold pieces
 14109 | Orc:1    | Bought a scroll of fog for 52 gold pieces
 14109 | Orc:1    | Bought a scroll of identify for 26 gold pieces
 14109 | Orc:1    | Bought a scroll of identify for 26 gold pieces
 14290 | Orc:2    | Entered Level 2 of the Orcish Mines
 14741 | Orc:2    | Found a staircase to the Elven Halls.
 14792 | Orc:2    | Received a gift from Okawaru
 14793 | Orc:2    | Reached skill level 8 in Fighting
 15196 | Orc:2    | Found a runed translucent door.
 15227 | Orc:2    | Found the +10 tower shield of Ignorance {rN+ Int-4}
 15243 | Orc:2    | Found a runed translucent door.
 15427 | Orc:2    | Found Xinaim's Book Boutique.
 15685 | Orc:2    | Found Xyarraoxt's Antique Weapon Emporium.
 15857 | Orc:2    | Received a gift from Okawaru
 16144 | Orc:2    | Reached skill level 9 in Dodging
 16188 | Orc:2    | Noticed an orc warlord
 16481 | Orc:1    | Killed an orc warlord
 16650 | Orc:2    | Found Usiorumu's Antique Weapon Boutique.
 16652 | Orc:2    | Found Enag Xank's Antique Armour Shop.
 16783 | Lair:1   | Entered Level 1 of the Lair of Beasts
 17157 | Lair:1   | Reached skill level 9 in Throwing
 17175 | Lair:1   | Reached skill level 17 in Long Blades
 17185 | Lair:1   | Reached skill level 7 in Evocations
 17364 | Lair:1   | Found a runed translucent door.
 17370 | Lair:1   | Noticed funkygono's ghost (journeyman MiFi)
 18028 | Lair:1   | Reached XP level 14. HP: 106/106 MP: 21/21
 18107 | Lair:2   | Noticed Maggie
 18112 | Lair:2   | Killed Maggie
 18188 | Lair:2   | Reached skill level 10 in Invocations
 18208 | Lair:2   | Reached skill level 6 in Armour
 18599 | Lair:2   | Found a staircase to the Shoals.
 18632 | Lair:2   | Noticed Amaemon
 18640 | Lair:2   | Killed Amaemon
 18777 | Lair:2   | Found a staircase to the Snake Pit.
 18899 | Lair:2   | Identified a scroll of acquirement
 18900 | Lair:2   | Acquired the +1 pair of gloves of the Dragonfruit {Drain
                  | +Blink Str+6}
 19483 | Lair:3   | Received a gift from Okawaru
 19725 | Lair:3   | Reached skill level 9 in Fighting
 19980 | Lair:4   | Reached skill level 10 in Dodging
 20119 | Lair:4   | Identified the +5 broad axe of Taxation {vamp, Int+3 SInv}
 20627 | Lair:5   | Entered Level 5 of the Lair of Beasts
 20649 | Lair:5   | Received a gift from Okawaru
 20693 | Lair:5   | Reached ***** piety under Okawaru
 20716 | Lair:5   | Found a staircase to the Slime Pits.
 20733 | Lair:5   | Received a gift from Okawaru
 20843 | Lair:5   | Reached skill level 18 in Long Blades
 20843 | Lair:5   | Reached skill level 8 in Evocations
 20907 | Lair:5   | Received a gift from Okawaru
 21024 | Lair:5   | Received a gift from Okawaru
 21102 | Lair:5   | Reached skill level 10 in Throwing
 21102 | Lair:5   | Reached XP level 15. HP: 87/115 MP: 22/22
 21277 | Lair:5   | Reached skill level 11 in Dodging
 21457 | Lair:5   | Reached skill level 10 in Fighting
 21457 | Lair:5   | Reached skill level 7 in Armour
 21698 | Lair:5   | Identified the +4 great sword of Bespelled Expedience
                  | {holy, rF++} (Okawaru gifted it to you on level 5 of the
                  | Lair of Beasts)
 21698 | Lair:5   | Received a gift from Okawaru
 22026 | D:12     | Noticed Rupert
 22213 | D:12     | Found Sow Rari's Distillery.
 22223 | D:12     | Bought a potion of heal wounds for 65 gold pieces
 22223 | D:12     | Bought a potion of curing for 39 gold pieces
 22223 | D:12     | Upgraded the game from 0.30-a0-937-ga0a21ad780 to
                  | 0.30-a0-939-gc8157cb160
 22235 | D:12     | Paralysed by Rupert for 4 turns
 22271 | D:12     | Killed Rupert
 23546 | D:14     | Received a gift from Okawaru
 23563 | D:14     | Found a gate to the Vaults.
 23592 | D:14     | Reached skill level 19 in Long Blades
 23793 | D:14     | Reached skill level 9 in Evocations
 24188 | D:14     | Found a blossoming altar of Fedhas.
 24287 | D:15     | Entered Level 15 of the Dungeon
 24352 | D:15     | Found Leitrug's Antique Weapon Shop.
 24481 | D:15     | Received a gift from Okawaru
 24640 | D:15     | Found a hide-covered altar of Uskayaw.
 25044 | D:15     | Reached skill level 12 in Dodging
 25056 | D:15     | Received a gift from Okawaru
 25076 | D:15     | a fire dragon changed into a ghost moth
 25076 | D:15     | Noticed a ghost moth (glowing shapeshifter)
 25078 | D:15     | a ghost moth changed into a fenstrider witch
 25078 | D:15     | Noticed a fenstrider witch (glowing shapeshifter)
 25080 | D:15     | a fenstrider witch changed into a sphinx
 25080 | D:15     | Noticed a sphinx (glowing shapeshifter)
 25083 | D:15     | a sphinx changed into a shadow dragon
 25083 | D:15     | Noticed a shadow dragon (glowing shapeshifter)
 25086 | D:15     | a shadow dragon changed into an iron troll
 25105 | D:15     | Found a staircase to the Depths.
 25254 | D:15     | Reached XP level 16. HP: 67/124 MP: 23/23
 25337 | D:15     | HP: 4/124 [hell knight/+2 battleaxe of flaming (18)]
 25533 | D:15     | Received a gift from Okawaru
 25555 | D:15     | Reached skill level 11 in Throwing
 25837 | Snake:1  | Entered Level 1 of the Snake Pit
 25906 | Snake:1  | Noticed Frances
 25934 | Snake:1  | Killed Frances
 25934 | Snake:1  | Received a gift from Okawaru
 25935 | Snake:1  | Reached skill level 11 in Fighting
 26005 | Snake:1  | Received a gift from Okawaru
 26178 | Snake:1  | Received a gift from Okawaru
 26229 | Snake:1  | Noticed Donald
 26257 | Snake:1  | Killed Donald
 26308 | Snake:1  | Found Vocumaips's Book Emporium.
 26462 | Snake:1  | Reached skill level 20 in Long Blades
 26484 | Snake:1  | Reached skill level 8 in Armour
 26702 | Snake:1  | Identified the +0 long sword "Alaka" {heavy, rF- rC+ Str+2
                  | Int+2}
 26826 | Snake:1  | Identified the +4 kite shield "Ynabor" {+Inv rPois rF++
                  | Str+2} (Okawaru gifted it to you on level 1 of the Snake
                  | Pit)
 26826 | Snake:1  | Received a gift from Okawaru
 27106 | Snake:2  | Reached skill level 10 in Evocations
 27324 | Snake:1  | Reached skill level 13 in Dodging
 27576 | Snake:2  | Reached XP level 17. HP: 102/133 MP: 24/24
 28179 | Snake:3  | Found a runed translucent gate.
 28179 | Snake:3  | Found a runed translucent gate.
 28182 | Snake:3  | Found a runed translucent gate.
 28185 | Snake:3  | Noticed Xitaol's ghost (adept SpEn)
 28479 | Snake:3  | Identified the +0 pair of boots "Daodemm" {rElec} (Okawaru
                  | gifted it to you on level 3 of the Snake Pit)
 28479 | Snake:3  | Received a gift from Okawaru
 28523 | Snake:3  | Reached skill level 12 in Fighting
 28629 | Snake:3  | Reached skill level 11 in Invocations
 28774 | Snake:3  | Found Nuxujini's Self-Improvement Boutique.
 28780 | Snake:3  | Identified the +1 plate armour "Zoaguhej" {rN+ Str+2 Int+3
                  | SInv}
 28784 | Snake:3  | Bought a manual of Armour for 1040 gold pieces
 28887 | Snake:4  | Entered Level 4 of the Snake Pit
 28973 | Snake:4  | Reached skill level 12 in Throwing
 29008 | Snake:4  | Reached skill level 21 in Long Blades
 29291 | Shoals:1 | Entered Level 1 of the Shoals
 29719 | Shoals:1 | Reached skill level 9 in Armour
 29865 | Shoals:1 | Noticed a titan
 29918 | Shoals:1 | Reached skill level 14 in Dodging
 30120 | Shoals:1 | Killed a titan
 30280 | Shoals:1 | Identified the +0 chain mail "Quuthrut" {Contam rN++ rCorr}
 30476 | Shoals:2 | Found a runed translucent gate.
 30476 | Shoals:2 | Found a runed translucent gate.
 30476 | Shoals:2 | Found a runed translucent gate.
 30533 | Shoals:2 | Noticed Dirtsage's ghost (adept DsBe)
 30606 | Shoals:2 | Received a gift from Okawaru
 30936 | Shoals:2 | Noticed Ilsuiw
 30963 | Shoals:2 | Killed Ilsuiw
 31001 | Shoals:2 | Received a gift from Okawaru
 31117 | Shoals:1 | Reached XP level 18. HP: 120/142 MP: 26/26
 31141 | Shoals:2 | Found Ebaeho's Magic Scroll Boutique.
 31158 | Shoals:2 | Bought a scroll of teleportation for 45 gold pieces
 31158 | Shoals:2 | Bought a scroll of teleportation for 45 gold pieces
 31158 | Shoals:2 | Bought a scroll of teleportation for 45 gold pieces
 31158 | Shoals:2 | Bought a scroll of teleportation for 45 gold pieces
 31158 | Shoals:2 | Bought a scroll of blinking for 112 gold pieces
 31158 | Shoals:2 | Bought a scroll of blinking for 112 gold pieces
 31158 | Shoals:2 | Bought a scroll of blinking for 112 gold pieces
 31165 | Shoals:2 | Noticed Polyphemus
 31213 | Shoals:2 | Killed Polyphemus
 31305 | Shoals:2 | Received a gift from Okawaru
 31774 | Shoals:3 | Noticed Bai Suzhen
 31819 | Shoals:3 | Killed Bai Suzhen
 31828 | Shoals:3 | Noticed Louise
 31958 | Shoals:3 | Killed Louise
 32128 | Shoals:3 | Reached skill level 12 in Invocations
 32610 | Shoals:4 | Entered Level 4 of the Shoals
 32657 | Shoals:4 | Found a runed translucent gate.
 32658 | Shoals:4 | Found a runed translucent gate.
 32659 | Shoals:4 | Found an opulent altar of Gozag.
 32659 | Shoals:4 | Found a runed translucent gate.
 32680 | Shoals:4 | Reached skill level 13 in Fighting
 32722 | Shoals:4 | Reached skill level 22 in Long Blades
 32978 | Shoals:3 | Received a gift from Okawaru
 32983 | Shoals:3 | Reached skill level 10 in Armour
 33279 | Shoals:4 | Reached skill level 15 in Dodging
 33558 | Shoals:4 | Received a gift from Okawaru
 33753 | Shoals:4 | Reached skill level 13 in Throwing
 33777 | Shoals:4 | Received a gift from Okawaru
 34222 | Shoals:4 | Received a gift from Okawaru
 34256 | Shoals:4 | Got a barnacled rune of Zot
 34630 | Snake:4  | Found Zutiolile's Antique Armour Shop.
 34630 | Snake:4  | Found Aliugutt's Book Boutique.
 34634 | Snake:4  | Found Osiabuotz's Distillery.
 34636 | Snake:4  | Found Iptesak's Distillery.
 34637 | Snake:4  | Noticed Aizul
 34652 | Snake:4  | Killed Aizul
 34664 | Snake:4  | Bought a potion of heal wounds for 80 gold pieces
 34860 | Snake:4  | Learned a level 1 spell: Apportation
 34864 | Snake:4  | Learned a level 3 spell: Swiftness
 34867 | Snake:4  | Learned a level 2 spell: Wereblood
 34876 | Snake:4  | Reached XP level 19. HP: 146/150 MP: 28/28
 34931 | Snake:4  | Noticed Mlioglotl
 34952 | Snake:4  | Killed Mlioglotl
 34998 | Snake:4  | Received a gift from Okawaru
 35059 | Snake:4  | Noticed Kirke
 35137 | Snake:4  | Killed Kirke
 35156 | Snake:4  | Found Onlexuse's Jewellery Shoppe.
 35203 | Snake:4  | Received a gift from Okawaru
 35599 | Snake:4  | Reached skill level 11 in Armour
 35645 | Snake:4  | Reached skill level 23 in Long Blades
 35683 | Snake:4  | Received a gift from Okawaru
 35731 | Snake:4  | Got a serpentine rune of Zot
 35887 | Snake:4  | Identified the +2 ring mail "Ceqiokk" {rElec rPois rC++
                  | Int-3} (Okawaru gifted it to you on level 4 of the Snake
                  | Pit)
 35887 | Snake:4  | Received a gift from Okawaru
 35956 | Snake:4  | Reached skill level 14 in Fighting
 36075 | Snake:4  | Reached skill level 16 in Dodging
 36538 | D:11     | You paid a toll of 13 scrolls of teleportation to enter a
                  | treasure trove
 36539 | Trove    | Entered a treasure trove
 36559 | Trove    | Identified the staff of cold "Rausm" {rC+ Will+ Str+2}
 36706 | Elf:1    | Entered Level 1 of the Elven Halls
 37083 | Elf:1    | Paralysed by an air elemental for 1 turns
 37527 | Elf:1    | Paralysed by an air elemental for 1 turns
 37530 | Elf:1    | Paralysed by an air elemental for 1 turns
 37735 | Elf:1    | Noticed Zenata
 37747 | Elf:1    | Killed Zenata
 37943 | Elf:2    | Received a gift from Okawaru
 38037 | Elf:2    | Received a gift from Okawaru
 38040 | Elf:2    | Reached skill level 14 in Throwing
 38055 | Elf:2    | Reached XP level 20. HP: 136/157 MP: 29/29
 38150 | Elf:2    | Reached skill level 11 in Evocations
 38156 | Elf:2    | Found a runed translucent gate.
 38156 | Elf:2    | Found a runed translucent gate.
 38157 | Elf:2    | Found a runed translucent gate.
 38519 | Elf:2    | Reached ****** piety under Okawaru
 38588 | Elf:2    | Reached skill level 12 in Armour
 38697 | Elf:2    | Received a gift from Okawaru
 38900 | Elf:2    | Reached skill level 24 in Long Blades
 39054 | Elf:3    | Entered Level 3 of the Elven Halls
 39077 | Elf:3    | Received a gift from Okawaru
 39133 | Elf:3    | Found Qaryptic's Book Shoppe.
 39233 | Elf:3    | Found a runed translucent door.
 39289 | Elf:3    | Noticed zkyp's ghost (adept DgCj)
 39303 | Elf:3    | Found a shimmering blue altar of Sif Muna.
 39348 | Elf:3    | Noticed a Tzitzimitl
 39845 | Elf:3    | Identified the ring "Zasivem" {rF+ MP+9}
 39847 | Elf:2    | Paralysed by an air elemental for 1 turns
 39852 | Elf:2    | Paralysed by an air elemental for 1 turns
 40313 | Elf:3    | Reached skill level 17 in Dodging
 40330 | Elf:3    | Reached skill level 12 in Evocations
 40595 | Elf:3    | Paralysed by an air elemental for 1 turns
 40653 | Elf:3    | Identified the +8 scimitar of Paper {freeze, rF+ MP+9
                  | Int+4} (Okawaru gifted it to you on level 3 of the Elven
                  | Halls)
 40653 | Elf:3    | Received a gift from Okawaru
 40654 | Elf:3    | Reached skill level 15 in Fighting
 40675 | Elf:3    | Identified the ring "Boputta Unwo" {rC+ Int+3 SInv}
 40678 | Elf:3    | Identified the +5 flail of Resourcefulness {heavy, rPois
                  | Str+3 Int+6 Dex-5}
 40744 | Elf:3    | Found the +0 staff of Battle
 40744 | Elf:3    | Found the +27 heavy crossbow "Sniper" {heavy, Acc+∞ SInv}
 40748 | Elf:3    | Identified the ring "Lunar" {rCorr Str+4}
 40772 | Elf:3    | Identified the staff of air "Dirintigg" {rElec rF+}
 40789 | Elf:3    | Identified the staff of fire "Dodusepp" {rPois rF+ Will+
                  | Str+4 Dex-5}
 40796 | Elf:3    | Identified the ring of Nizaip {Fly rN+}
 40818 | Elf:3    | Identified the amulet "Guqemetu" {+Blink Regen+}
 41655 | Vaults:1 | Entered Level 1 of the Vaults
 42008 | Vaults:1 | Found Elaih's Weapon Emporium.
 42132 | Vaults:1 | Identified the +5 ring mail of Benevolence {Will+ Str+3
                  | Slay+5}
 42191 | Vaults:1 | mopl: !dump
 42191 | Vaults:1 | Reached XP level 21. HP: 102/168 MP: 30/30
 42288 | Vaults:1 | Noticed Saint Roka
 42316 | Vaults:1 | Killed Saint Roka
 42530 | Vaults:1 | Identified the +9 morningstar of Grandeur {heavy, rPois rF+
                  | rN+ Dex+2}
 42720 | Vaults:1 | Received a gift from Okawaru
 42853 | Vaults:1 | Paralysed by a great orb of eyes for 3 turns
 43043 | Vaults:2 | Received a gift from Okawaru
 43239 | Vaults:2 | Reached skill level 13 in Armour
 43315 | Vaults:2 | Reached skill level 13 in Evocations
 43339 | Vaults:2 | Received a gift from Okawaru
 43508 | Vaults:2 | Reached skill level 25 in Long Blades
 43548 | Vaults:2 | Identified the +10 dire flail of the Fox {flame, Str-5
                  | Dex+3} (Okawaru gifted it to you on level 2 of the Vaults)
 43548 | Vaults:2 | Received a gift from Okawaru
 43863 | Vaults:2 | Noticed Mennas
 43879 | Vaults:2 | Killed Mennas
 44062 | Vaults:2 | Identified the +2 helmet of Bad Feelings {rPois Regen+
                  | Int+2 Dex-2}
 44174 | Vaults:2 | Reached skill level 15 in Throwing
 44429 | Vaults:2 | Demolished by a dire elephant

Illustrated notes

Levels and vault maps discovered:
D:1:      onia_arrival_mini_maze_b, layout_loops_ring,
          shapermc_ecumenical_altar_gd, serial_shops, shop, hangedman_decor_push
D:2:      layout_rooms
D:3:      layout_basic, nicolae_overflow_two_pavilions, uniq_sigmund
D:4:      layout_cave_pools, mainiacjoe_overflow_big_doors
D:5:      layout_basic, kennysheep_ying_yang,
          lemuel_mausoleum_altar_kikubaaqudgha,
          minmay_temple_entry_glassed_door, corexii_checkpoint_a,
          minmay_misc_feat_nine_boxes, minmay_fractal_squares_gapless_5
D:6:      layout_rooms, makhleb_grotto_becter, tgw_sif, kennysheep_mini_moat,
          grunt_ministairs_9
D:7:      layout_basic, mainiacjoe_overflow_alcove_2, uniq_crazy_yiuf_cottage
D:8:      layout_loops_ring, nicolae_overflow_squiral, erik_lair_island,
          enter_bailey_5, chequers_serial_rivers_micro_a,
          chequers_serial_rivers_large_b, lightli_corner_chamber, uniq_gastronok
D:9:      layout_roguey [special_room_kobold], grunt_gozag_statues,
          ebering_ghost_xom
D:10:     layout_roguey
D:11:     layout_big_octagon, orc_0_dummy, enter_trove_5, serial_undead,
          serial_undead_d, serial_undead_a, serial_undead_b, serial_undead_a,
          portal_ice_cave_entry_ice_simulacra
D:12:     layout_irregular_city, serial_shops, shop, minmay_lizard_king,
          uniq_rupert
D:13:     layout_loops_ring
D:14:     layout_loops_ring, erik_vaults_2, minmay_staircase_bubble,
          fedhas_altar_fruit_tree
D:15:     gammafunk_enter_depths_forms, layout_loops_ring, basic_altar,
          serial_shops, shop, minmay_rotating_lava
Temple:   nicolae_temple_two_arcs
Lair:1:   layout_layer_cave, gammafunk_ghost_grave, grunt_megastairs_1
Lair:2:   layout_long_grid, elwin_shoals_entry_stream,
          minmay_snake_entry_six_corridors, gammafunk_lair_bear_cave,
          uniq_amaemon, uniq_maggie
Lair:3:   layout_regular_city, lemuel_fruit_tree
Lair:4:   layout_hall_layers
Lair:5:   hangedman_lair_caniforms_friends, layout_misc_corridors,
          dpeg_slime_entry_enclosed
Shoals:1: layout_shoals, st_sunken_temple
Shoals:2: layout_shoals, gammafunk_ghost_split, serial_shops, shop,
          nicolae_shoals_undead_eyrie, uniq_ilsuiw, uniq_polyphemus
Shoals:3: layout_shoals, yaktaur_hedge, uniq_bai_suzhen, uniq_louise
Shoals:4: shoals_end_grunt_ice, layout_shoals, ebering_ghost_gozag
Snake:1:  layout_gridlike, serial_shops, nicolae_shop_advertising_works
          [nicolae_subvault_shop_adworks], grunt_megastairs_2,
          serial_bayou_shore_a, uniq_frances, uniq_donald
Snake:2:  layout_rooms
Snake:3:  layout_misc_corridors, gammafunk_ghost_necromancy,
          nicolae_shop_self_help
Snake:4:  grunt_snake_rune_spirals, layout_onion, serial_shops,
          nicolae_diamond_shop, corexii_hall_statues_s, minmay_shoptagon,
          serial_bayou_shore_b, uniq_mlioglotl, uniq_aizul, uniq_kirke
Orc:1:    layout_caves, serial_shops, nicolae_shop_competitors_out_of_business,
          uniq_erolcha, uniq_urug
Orc:2:    grunt_orc_community_town_hall, layout_caves,
          grunt_orc_community_big_house_2, grunt_orc_community_big_house_1,
          grunt_orc_community_house_1, grunt_orc_community_house_3,
          grunt_orc_community_house_2, grunt_orc_community_house_1,
          grunt_orc_community_house_2, grunt_orc_community_house_3,
          chequers_guarded_unrand_ignorance
Elf:1:    minmay_elf_arrival_summoners, layout_geoelf_diagonals, minivault_28,
          grunt_megastairs_5, uniq_zenata
Elf:2:    elven_hall_of_blades_hangedman_original
          [nicolae_blade_entry_diamond_columns], layout_geoelf_octagon
Elf:3:    minmay_elf_hall_quartered_circle, layout_gridlike,
          gammafunk_ghost_grave, serial_shops, nicolae_shop_hallway_plus,
          basic_altar
Vaults:1: ontoclasm_vaults_spin, vaults_room_octagon, v_rooms_6,
          nicolae_vaults_ninety_degrees, layout_vaults_chaotic_city,
          serial_shops, nicolae_lakefront_shop, uniq_saint_roka
Vaults:2: nicolae_vaults_three_branches, vaults_mumra_lcd, v_misc_32,
          nicolae_vaults_little_squares_3, vaults_standard_mumra_x,
          vaults_mumra_bighexcomb, ontoclasm_vaults_loading_screen,
          ontoclasm_vaults_misaligned, vaults_room_stairs_pillars,
          nicolae_vaults_gold_heap, v_misc_16, vaults_dpeg_diagonal,
          layout_vaults_quadrants, uniq_mennas

Skill      XL: |  1  2  3  4  5  6  7  8  9 10 11 12 13 14 15 16 17 18 19 20 21 |
---------------+----------------------------------------------------------------+-----
Long Blades    | 3 4 5 6 7 8 9 11 12 13 14 16 17 18 19 20 21 22 23 24 25 | 25.2
Throwing       | 1 2 4 5 6 7 8 9 10 11 12 13 14 15 | 15.0
Invocations    | 1 2 4 6 7 8 9 10 11 12 | 12.0
Dodging        | 1 4 6 7 9 10 12 13 14 15 16 17 | 17.9
Evocations     | 1 3 4 5 7 8 9 10 12 13 | 13.5
Fighting       | 5 6 7 8 9 10 11 12 13 14 15 | 15.7
Armour         | 3 4 5 6 7 8 9 10 11 12 13 | 13.4
Shields        | |  3.0

Action                     |  1- 3 |  4- 6 |  7- 9 | 10-12 | 13-15 | 16-18 | 19-21 || total
---------------------------+-------+-------+-------+-------+-------+-------+-------++-------
  Melee: Long sword        |   102 |   221 |    99 |       |    55 |       |       ||   477
         Tailslap          |       |       |     2 |     1 |       |    76 |       ||    79
         Falchion          |       |       |   372 |   167 |       |       |       ||   539
         Scimitar          |       |       |       |   755 |  1635 |  1696 |       ||  4086
         Mace              |       |       |       |     6 |       |       |       ||     6
         Great sword       |       |       |       |   109 |       |       |       ||   109
         Triple sword      |       |       |       |       |       |    52 |  1290 ||  1342
         Staff             |       |       |       |       |       |       |     2 ||     2
   Fire: Heavy crossbow    |       |       |       |       |       |       |     7 ||     7
  Throw: Dart              |       |       |     4 |    29 |   107 |   144 |    17 ||   301
         Boomerang         |       |       |       |    34 |    15 |   198 |   216 ||   463
         Javelin           |       |       |       |     1 |       |       |    17 ||    18
         Throwing net      |       |       |       |       |     2 |       |       ||     2
 Invoke: Heroism           |       |       |     4 |    29 |    28 |    24 |    13 ||    98
         Finesse           |       |       |       |     4 |     1 |     5 |     1 ||    11
Ability: Evoke Blink       |       |       |       |       |     1 |     5 |       ||     6
         Evoke Invisibilit |       |       |       |       |       |     1 |       ||     1
  Evoke: Wand              |       |       |       |     1 |     3 |    10 |     2 ||    16
         Condenser vane    |       |       |       |       |       |       |     1 ||     1
    Use: Scroll            |       |     3 |     2 |     2 |    17 |    15 |     3 ||    42
         Potion            |       |       |       |     6 |     2 |     7 |     3 ||    18
   Stab: Sleeping          |       |       |       |     2 |       |       |       ||     2
         Invisible         |       |       |       |     4 |     7 |     5 |       ||    16
         Held in net/web   |       |       |       |       |     2 |       |       ||     2
 Armour: Scale mail        |    65 |   124 |   120 |       |       |       |       ||   309
         Steam dragon scal |       |       |    30 |   224 |       |       |       ||   254
         Plate armour      |       |       |       |    88 |    70 |       |       ||   158
         Gold dragon scale |       |       |       |       |   652 |   631 |   680 ||  1963
  Dodge: Dodged            |    49 |   118 |   138 |   572 |   494 |   939 |   941 ||  3251
  Block: Buckler           |    24 |    51 |    64 |   204 |   326 |    44 |       ||   713
         Kite shield       |       |       |       |       |       |   972 |       ||   972
         Reflection        |       |       |       |       |       |     6 |       ||     6

Table legend: (Time is in decaauts)
 A = Elapsed time spent in this place.
 B = Non-inter-level travel time spent in this place.
 C = Inter-level travel time spent in this place.
 D = Time resting spent in this place.
 E = Time spent auto-exploring this place.
 F = Levels seen in this place.
 G = Mean time per level.
                   A        B        C        D        E       F      G
               +--------+--------+--------+--------+--------+-----+--------+
         Total |  41963 |  38259 |   3704 |   6144 |  18974 |  39 | 1076.0 |
       Dungeon |  15232 |  13398 |   1834 |   2083 |   7409 |  15 | 1015.5 |
        Temple |    122 |    122 |      0 |     93 |      0 |   1 |  122.0 |
          Lair |   5200 |   4765 |    435 |    320 |   3297 |   5 | 1040.0 |
        Shoals |   4099 |   3830 |    269 |    245 |   1575 |   4 | 1024.8 |
     Snake Pit |   5007 |   4728 |    279 |    418 |   2142 |   4 | 1251.8 |
  Orcish Mines |   3427 |   3071 |    356 |   1141 |   1049 |   2 | 1713.5 |
   Elven Halls |   4219 |   3716 |    503 |    548 |   1736 |   3 | 1406.3 |
        Vaults |   2630 |   2604 |     26 |    225 |   1701 |   2 | 1315.0 |
         Trove |     54 |     54 |      0 |      0 |      0 |   1 |   54.0 |
        Bailey |    344 |    344 |      0 |    135 |     29 |   1 |  344.0 |
      Ice Cave |   1623 |   1623 |      0 |    934 |     34 |   1 | 1623.0 |
               +--------+--------+--------+--------+--------+-----+--------+

Top non-repeatable levels by time:
   Orc:2: 2134 daAuts
 Snake:4: 1914 daAuts
   Elf:2: 1628 daAuts
   IceCv: 1623 daAuts
     D:9: 1503 daAuts
     D:8: 1498 daAuts
  Lair:1: 1497 daAuts
     D:5: 1458 daAuts
   Elf:1: 1370 daAuts
    D:15: 1317 daAuts
Vaults:1: 1315 daAuts
Vaults:2: 1314 daAuts
   Orc:1: 1292 daAuts
Shoals:4: 1291 daAuts
  Lair:2: 1267 daAuts
